Map: Bel'Shir Vestige LE (Void)

Players

Lambo - Winner!

  • Race: Zerg Zerg
  • Spawn Location: 5:00

Elroye

  • Race: Zerg Zerg
  • Spawn Location: 11:00

Event: IEM XI Katowice - World Championship 2017

VOD

Have the link to the VOD?

Description

Time

  • Played on: Feb. 27, 2017, 4:18 a.m.
  • Length: 7:38

All games in this series

Show
View Real Time Build Order
Export as new Build Order

Lambo Zerg - Winner!

Build Orders: Hatch First, Zergling Baneling 

Get SALT Encoding   

  12  0:01  Drone  
  13  0:12  Overlord  
  13  0:17  Drone  
  14  0:31  Drone  
  14  0:32  Drone  
  17  0:35  Drone  
  17  0:53  Hatchery  
  17  0:54  Drone  
  18  0:57  Drone  
  18  1:08  Extractor  
  17  1:11  Spawning Pool  
  17  1:14  Drone  
  17  1:17  Drone  
  18  1:28  Drone  
  19  1:41  Overlord  
  19  1:49  Drone  
  20  1:58  Queen  
  20  2:00  Zergling x2  
  23  2:04  Queen  
  23  2:05  Zergling x2  
  23  2:08  Metabolic Boost  
  26  2:11  Drone  
  26  2:15  Drone  
  28  2:23  Drone  
  29  2:30  Drone  
  30  2:38  Hatchery, Drone  
  30  2:39  Zergling x2  
  31  2:44  Drone  
  31  2:47  Baneling Nest  
  31  2:50  Zergling x2  
  32  2:54  Overlord  
  32  3:05  Overlord  
  32  3:09  Drone x2  
  32  3:10  Overlord  
  34  3:20  Queen  
  34  3:26  Zergling x8  
  40  3:33  Baneling x4  
  40  3:37  Zergling x4  
  40  3:38  Zergling x4  
  42  3:52  Drone x4  
  46  3:56  Baneling  
  46  3:59  Drone x3  
  46  4:02  Drone x3  
  51  4:03  Baneling  
  50  4:18  Hatchery  
  46  4:26  Drone x4  
  46  4:31  Roach Warren  
  49  4:41  Extractor  
  49  4:42  Drone x5  
  49  4:43  Extractor  
  52  4:45  Zergling x2  
  52  4:46  Zergling x4  
  55  4:55  Overlord  
  55  4:56  Overlord  
  55  4:59  Baneling x3  
  55  5:01  Queen  
  55  5:06  Baneling x3  
  56  5:11  Overlord  
  56  5:13  Overlord  
  56  5:15  Baneling x2  
  56  5:17  Zergling x10  
  60  5:27  Roach x4  
  68  5:33  Overlord x2  
  68  5:43  Roach x3  
  68  5:44  Roach  
  76  5:50  Roach  
  76  5:51  Roach x2  
  82  5:58  Roach x3  
  82  6:01  Roach  
  90  6:05  Overlord  
  90  6:11  Overlord  
  90  6:12  Zergling x2  
  90  6:13  Zergling x6  
  94  6:20  Evolution Chamber, Drone  
  94  6:22  Zergling x6  
  97  6:26  Zergling x4  
  97  6:29  Ravager x2  
  97  6:31  Ravager  
  102  6:38  Zergling x12  
  107  6:49  Zergling x14  
  108  6:58  Zergling x8  
  99  7:02  Ravager  
  99  7:03  Ravager  
  99  7:07  Zergling x2  
  99  7:08  Zergling x10  
  103  7:10  Ravager  
  103  7:15  Zergling x8  
  105  7:20  Ravager  
  105  7:37  Ravager x2  
  105  7:38  Ravager  
Show
View Real Time Build Order
Export as new Build Order

Elroye Zerg 

Build Orders: Hatch First 

Get SALT Encoding   

  12  0:00  Drone  
  13  0:12  Overlord  
  13  0:17  Drone  
  14  0:30  Drone  
  14  0:31  Drone  
  14  0:34  Drone  
  17  0:52  Hatchery  
  17  0:54  Drone  
  17  0:57  Drone  
  18  1:05  Extractor  
  17  1:14  Spawning Pool  
  17  1:16  Drone  
  17  1:20  Drone  
  18  1:29  Drone  
  19  1:42  Overlord  
  19  1:54  Drone  
  19  2:01  Queen, Drone  
  21  2:04  Queen  
  21  2:05  Zergling x2  
  21  2:06  Metabolic Boost  
  26  2:11  Drone  
  26  2:14  Drone  
  28  2:21  Drone  
  29  2:28  Baneling Nest  
  29  2:29  Drone  
  29  2:34  Zergling x2  
  30  2:40  Zergling x2  
  31  2:49  Hatchery  
  30  2:52  Drone  
  30  2:54  Zergling x2  
  32  3:00  Zergling x4  
  34  3:08  Overlord  
  34  3:15  Zergling x4  
  36  3:21  Baneling x2  
  36  3:29  Overlord  
  36  3:41  Overlord  
  36  3:48  Drone  
  35  3:49  Drone x2  
  35  3:50  Baneling  
  35  3:54  Drone x3  
  37  4:02  Extractor  
  37  4:05  Drone x5  
  37  4:06  Drone  
  43  4:19  Hatchery  
  40  4:31  Zergling x6  
  43  4:37  Zergling x6  
  43  4:38  Drone  
  43  4:39  Overlord  
  43  4:42  Roach Warren, Baneling x2  
  43  4:43  Baneling  
  42  4:47  Zergling x2  
  43  4:57  Overlord  
  43  4:58  Drone x2  
  43  4:59  Drone x2  
  47  5:08  Zergling x2  
  47  5:23  Drone x4  
  47  5:24  Drone x2  
  47  5:25  Drone  
  54  5:31  Extractor  
  54  5:32  Extractor, Drone x3  
  54  5:33  Queen  
  57  5:41  Overlord  
  57  5:45  Overlord  
  57  5:48  Drone  
  57  5:53  Roach x3  
  63  5:58  Baneling  
  63  5:59  Baneling  
  63  6:00  Roach x3  
  69  6:07  Roach x5  
  79  6:11  Roach  
  79  6:15  Overlord  
  80  6:21  Roach  
  80  6:23  Overlord  
  80  6:25  Baneling x2  
  82  6:29  Baneling  
  82  6:30  Overlord  
  82  6:31  Overlord  
  82  6:36  Roach x4  
  90  6:43  Roach x3  
  90  6:44  Ravager  
  90  6:45  Zergling x2  
  97  6:50  Zergling x8  
  81  7:02  Zergling x6, Roach x3  
  84  7:10  Zergling x2, Roach x2  

Tags
 
Add a new tag
Caveats
  • Supply blocks, unpowered buildings, or Contaminate may cause inaccurate times.
  • Supply counts are checked every 10 seconds.